 Dungeon Crawl Stone Soup version 0.32-a0-576-g706899e69d (webtiles) character file.

Game seed: 4953572194861103120

363 jasper the Cleaver (level 6, 0/51 HPs)
             Began as a Mountain Dwarf Fighter on Mar 1, 2024.
             Slain by an ogre
             ... wielding a +0 giant spiked club
              (27 damage)
             ... on level 4 of the Dungeon.
             The game lasted 00:08:23 (3547 turns).

jasper the Cleaver (Mountain Dwarf Fighter)         Turns: 3547, Time: 00:08:23

Health: 0/51       AC: 14    Str: 20    XL:     6   Next: 39%
Magic:  6/6        EV:  7    Int:  9    God:
Gold:   49         SH:  4    Dex:  9    Spells: 5/5 levels left

rFire   . . .        a - +0 war axe (chaos)
rCold   . . .        c - +0 buckler
rNeg    . . .        n - +3 chain mail {rPois}
rPois   +            (no helmet)
rElec   .            (no cloak)
rCorr   .            f - +1 pair of gloves
SInv    .            (no boots)
Will    .....        i - amulet of regeneration Stlth
                     (no ring)
HPRegen 1.08/turn    (no ring)
MPRegen 0.10/turn

%: no passive effects
@: hasted, very quick
A: runic magic, artefact enchanting
a: no special abilities


You were on level 4 of the Dungeon.
You visited 1 branch of the dungeon, and saw 4 of its levels.

You collected 150 gold pieces.
You spent 101 gold pieces at shops.

Inventory:

Hand Weapons
 a - a +0 war axe of chaos (weapon)
 l - a +1 whip of freezing
Missiles
 k - 22 stones
Armour
 b - a +0 scale mail
 c - a +0 buckler (worn)
 f - a +1 pair of gloves (worn)
 n - a +3 chain mail of poison resistance (worn)
Jewellery
 d - a ring of magical power
 i - an amulet of regeneration (around neck)
 q - the ring of the Scavenger {Will- AC+4 Int+5 Stlth+}
   (You found it on level 2 of the Dungeon)

   [ring of protection]

   AC+4:      It affects your AC (+4).
   Int+5:     It affects your intelligence (+5).
   Will-:     It decreases your willpower.
   Stlth+:    It makes you more stealthy.
Scrolls
 o - a scroll of vulnerability {unknown}
 r - a scroll of teleportation
Potions
 h - a potion of mutation {unknown}
 j - 2 potions of enlightenment
 m - 3 potions of curing
 p - a potion of resistance {unknown}
 s - 2 potions of heal wounds


   Skills:
 - Level 3.2 Fighting
 * Level 8.3 Axes
 - Level 3.2 Armour
 - Level 3.2 Shields


You had 5 spell levels left.
You didn't know any spells.
Your spell library was empty.

Dungeon Overview and Level Annotations

Branches:
Dungeon (4/15)
 Temple: D:4-7

Altars:

Shops:
D:4 !(!?*

Annotations:
D:3 Robin
D:4 1 runed translucent door, Crazy Yiuf


Innate Abilities, Weirdness & Mutations

Your spellcasting is much less encumbered by armour.
You can use scrolls of enchantment on lesser artefacts.


Message History

Throw: 5 darts (poison)
Press: ? - help, Q - select action, (/) - cycle Shift-Dir - straight line, f - ogre
Aim: an ogre, wielding a +0 giant spiked club (69% to hit)
You throw a poisoned dart. The poisoned dart hits the ogre.
Throw: 4 darts (poison)
Press: ? - help, Q - select action, (/) - cycle Shift-Dir - straight line, f/p - ogre
Aim: an ogre, wielding a +0 giant spiked club (69% to hit)
You throw a poisoned dart. The poisoned dart hits the ogre.
Throw: 3 darts (poison)
Press: ? - help, Q - select action, (/) - cycle Shift-Dir - straight line, f/p - ogre
Aim: an ogre, wielding a +0 giant spiked club (69% to hit)
You throw a poisoned dart.
The poisoned dart completely misses the ogre.
The poisoned dart misses the kobold.
You feel yourself speed up.
Throw: 2 darts (poison)
Press: ? - help, Q - select action, (/) - cycle Shift-Dir - straight line, f/p - ogre
Aim: an ogre, wielding a +0 giant spiked club (69% to hit)
You throw a poisoned dart. The poisoned dart hits the ogre.
Throw: dart (poison)
Press: ? - help, Q - select action, (/) - cycle Shift-Dir - straight line, f/p - ogre
Aim: an ogre, wielding a +0 giant spiked club (69% to hit)
You throw a poisoned dart. The poisoned dart hits the ogre.
You slash the ogre!
The ogre is poisoned.
The ogre is moderately wounded.
The ogre hits you with a +0 giant spiked club!!
Ouch! That really hurt!
You take 27 damage, and have 24/51 hp.
MASSIVE DAMAGE!!
You barely miss the ogre.
The ogre is moderately wounded.
You hit the ogre. You drain the ogre.
The ogre is heavily wounded.
The ogre hits you but does no damage.
You hit the ogre but do no damage.
The ogre is heavily wounded.
You slash the ogre!
The ogre looks as sick as possible!
The ogre is almost dead.
The ogre hits you with a +0 giant spiked club!!
Ouch! That really hurt!
You die...

#.#..# #.........♣P......##..
#.#..###########...♣♣♣.P...♣###..
#.#.................♣♣♣♣♣♣♣♣# #..
#.#.........................# #..
#.#...............#.....##.## #..
#.#..........######.....##.# #.#
#.##.#######.# #....†##'####.#
#.##.# ####.######.#.........#..
#.##.# .......@#............###
#.##.# ........O...............
#.##.# .........(...........###
..##.# ###.####.............#
.♣##.#######.#####..............
.♣..............##.............##
.♣##.............#.............#
.♣##.##########.##.....(... ..#
.♣#..# #.##.....(## #.#


You could see an ogre (extremely poisoned, drained).

Vanquished Creatures
  Blork the orc (D:4)
  A bombardier beetle (D:4)
  A hound (D:4)
  An orc priest (D:4)
  Natasha (D:4)
  Terence (D:2)
  An iguana (D:4)
  8 adders
  2 dart slugs
  3 orcs (D:4)
  6 ball pythons
  3 bats
  10 endoplasms
  4 giant cockroaches
  5 goblins
  2 hobgoblins
  2 jackals (D:1)
  3 kobolds
  2 frilled lizards (D:2)
  A rat (D:1)
58 creatures vanquished.

Notes
Turn   | Place    | Note
-------+----------+-------------------------------------------
     0 | D:1      | jasper the Mountain Dwarf Fighter began the quest for the
                  | Orb.
     0 | D:1      | Reached XP level 1. HP: 19/19 MP: 1/1
   156 | D:1      | Reached skill level 3 in Axes
   190 | D:1      | Reached XP level 2. HP: 26/26 MP: 2/2
   567 | D:1      | Reached skill level 4 in Axes
   905 | D:1      | Reached XP level 3. HP: 29/31 MP: 3/3
  1335 | D:2      | Reached skill level 5 in Axes
  1435 | D:2      | Reached XP level 4. HP: 38/38 MP: 4/4
  1936 | D:2      | Identified the ring of the Scavenger {Will- AC+4 Int+5
                  | Stlth+}
  2184 | D:3      | Noticed Robin
  2220 | D:3      | Noticed Terence
  2232 | D:2      | Killed Terence
  2233 | D:2      | Reached skill level 6 in Axes
  2292 | D:4      | Found Hossih's Distillery.
  2300 | D:4      | Bought a potion of curing for 39 gold pieces
  2300 | D:4      | Bought a potion of curing for 39 gold pieces
  2344 | D:4      | Found Buzabior's Assorted Antiques.
  2355 | D:4      | Bought a scroll labelled BAWUOL SIOT for 23 gold pieces
  2418 | D:4      | Noticed Blork the orc
  2426 | D:4      | Killed Blork the orc
  2427 | D:4      | Reached skill level 7 in Axes
  2427 | D:4      | Reached XP level 5. HP: 45/45 MP: 5/5
  2435 | D:4      | Found Huevydgh's Distillery.
  3001 | D:4      | Found Companto's Magic Scroll Shoppe.
  3030 | D:4      | Found Giutholy's Antique Weapon Shoppe.
  3209 | D:4      | Reached XP level 6. HP: 45/51 MP: 6/6
  3223 | D:4      | Noticed Natasha
  3232 | D:4      | Killed Natasha
  3322 | D:4      | Reached skill level 8 in Axes
  3472 | D:4      | Found a runed translucent door.
  3473 | D:4      | Noticed Crazy Yiuf
  3547 | D:4      | Slain by an ogre

Illustrated notes

Levels and vault maps discovered:
D:1:      minmay_arrival_four_houses, layout_basic, serial_glass,
          glass_columns_a, glass_columns_b, glass_columns_b, glass_columns_b,
          glass_columns_b, glass_columns_a
D:2:      layout_basic
D:3:      layout_loops_ring, serial_shops, nicolae_shop_behind_doors,
          uniq_terence, uniq_robin
D:4:      layout_basic, serial_forest, infiniplex_forest_clump_C,
          infiniplex_forest_zigzag_1, infiniplex_forest_lined_ring,
          infiniplex_forest_straight_2, infiniplex_forest_straight_4,
          infiniplex_forest_zigzag_1, infiniplex_forest_clump_cross,
          infiniplex_forest_corner_1, infiniplex_forest_straight_2,
          serial_shops, kennysheep_mini, nicolae_shop_rolled_up, shop, shop,
          nicolae_shop_tiny_statue_garden, uniq_crazy_yiuf_cottage,
          uniq_natasha, uniq_blork_the_orc

Skill      XL: |  1  2  3  4  5  6 |
---------------+-------------------+-----
Axes           | 3 4 5 7 8 |  8.3
Fighting       | |  3.2
Armour         | |  3.2
Shields        | |  3.2

Action                     |  1- 3 |  4- 6 || total
---------------------------+-------+-------++-------
  Melee: War axe           |   105 |   119 ||   224
  Throw: Dart              |       |    12 ||    12
    Use: Scroll            |       |     9 ||     9
         Potion            |       |     3 ||     3
 Armour: Scale mail        |    86 |    38 ||   124
         Chain mail        |       |    42 ||    42
  Dodge: Dodged            |    55 |    42 ||    97
  Block: Buckler           |    28 |    25 ||    53

Table legend: (Time is in decaauts)
 A = Elapsed time spent in this place.
 B = Non-inter-level travel time spent in this place.
 C = Inter-level travel time spent in this place.
 D = Time resting spent in this place.
 E = Time spent auto-exploring this place.
 F = Levels seen in this place.
 G = Mean time per level.
                   A        B        C        D        E       F      G
               +--------+--------+--------+--------+--------+-----+--------+
         Total |   3614 |   3446 |    168 |    856 |   1257 |   4 |  903.5 |
       Dungeon |   3614 |   3446 |    168 |    856 |   1257 |   4 |  903.5 |
               +--------+--------+--------+--------+--------+-----+--------+

Top non-repeatable levels by time:
     D:4: 1283 daAuts
     D:1: 1161 daAuts
     D:2: 1138 daAuts
     D:3: 31 daAuts
